[Event "Titled Tuesday Blitz July 18 Late 2023"]
[White "Chabris, Christopher"]
[Black "Novikova, Margarita"]
[WhiteFideId "2005263"]
[BlackFideId "14109689"]
[WhiteElo "2396"]
[BlackElo "2184"]
[Result "0-1"]
[Round "3"]
[TimeControl "180+2"]
[Date "2023.07.18"]
[WhiteClock "0:00:00"]
[BlackClock "0:00:46"]
[Board "175"]

1. e4 d5 2. exd5 Qxd5 3. Nc3 Qd6 4. d4 Nf6 5. Nf3 a6 6. g3 Bg4 7. Bg2 e6 8. Bf4 Qb6 9. Qd2 Bd6 10. O-O-O Bxf4 11. Qxf4 Qd6 12. Qg5 O-O 13. h3 h6 14. Qe3 Bxf3 15. Bxf3 c6 16. g4 Nd5 17. Bxd5 cxd5 18. g5 h5 19. Qf3 g6 20. Ne2 Nd7 21. Nf4 Kg7 22. Rhg1 Rac8 23. Kb1 Rc4 24. c3 b5 25. Nd3 a5 26. Rde1 b4 27. Ne5 Nxe5 28. Qf6+ Kh7 29. Rxe5 Qd8 30. Qf3 bxc3 31. bxc3 Qe7 32. Rge1 Qa3 33. Ka1 Rxc3 34. R5e3 Rxe3 35. Qxe3 Qxe3 36. Rxe3 Rb8 37. Rc3 Rb7 38. Rc5 Rb4 39. Rxa5 Rxd4 40. Kb2 Rd2+ 41. Kc3 Rxf2 42. a4 Rf3+ 43. Kd4 Rxh3 44. Ra7 Kg7 45. a5 Rh1 46. a6 Ra1 0-1


[Site "https://www.chess.com"]

[Event "Titled Tuesday Blitz July 18 Late 2023"]
[White "Yolosz"]
[Black "Sailer, Mike"]
[BlackFideId "2012901"]
[WhiteElo "2395"]
[BlackElo "2157"]
[Result "1-0"]
[Round "3"]
[TimeControl "180+2"]
[Date "2023.07.18"]
[WhiteClock "0:00:20"]
[BlackClock "0:00:00"]
[Board "176"]

1. d4 d5 2. Bf4 Nf6 3. e3 c6 4. Nd2 g6 5. h4 h5 6. Ngf3 Bg7 7. Ng5 Qa5 8. Bd3 Bf5 9. Bxf5 gxf5 10. c3 Nbd7 11. Qb3 Qa6 12. O-O-O Ne4 13. Ndxe4 fxe4 14. f3 exf3 15. gxf3 Bf6 16. Rdg1 Bxg5 17. hxg5 Nf8 18. Be5 Rh7 19. e4 O-O-O 20. Re1 Ng6 21. Bh2 Qd3 22. Qa3 a6 23. Qa5 Rd7 24. exd5 cxd5 25. Qc5+ Kd8 26. Qa7 e6 27. f4 Rh8 28. Rhf1 Ke7 29. f5 1-0


[Site "https://www.chess.com"]

[Event "Titled Tuesday Blitz July 18 Late 2023"]
[White "Osmonbekov, Talaibek"]
[Black "Todev, Simeon"]
[WhiteFideId "2017253"]
[BlackFideId "2925133"]
[WhiteElo "2168"]
[BlackElo "2394"]
[Result "1-0"]
[Round "3"]
[TimeControl "180+2"]
[Date "2023.07.18"]
[WhiteClock "0:01:39"]
[BlackClock "0:01:13"]
[Board "177"]

1. d4 g6 2. Nc3 Bg7 3. e4 e6 4. f4 d5 5. e5 h5 6. Nf3 Nh6 7. Bd3 Nd7 8. O-O c5 9. Nb5 O-O 10. c3 a6 11. Nd6 Qb6 12. Kh1 Rd8 13. Ng5 Bf8 14. Ndxf7 Nxf7 15. Bxg6 Nxg5 16. fxg5 Qb5 17. a4 Qc4 18. b3 Qxc3 19. Qxh5 Bh6 20. Qxh6 Nf6 21. gxf6 Rd7 22. f7+ Rxf7 23. Bxf7# 1-0


[Site "https://www.chess.com"]

[Event "Titled Tuesday Blitz July 18 Late 2023"]
[White "Jonkman, Harmen"]
[Black "Ishowmoves57"]
[WhiteFideId "1002708"]
[WhiteElo "2392"]
[BlackElo "2155"]
[Result "1-0"]
[Round "3"]
[TimeControl "180+2"]
[Date "2023.07.18"]
[WhiteClock "0:01:04"]
[BlackClock "0:00:34"]
[Board "178"]

1. d4 Nf6 2. Nf3 d5 3. Bf4 e6 4. e3 Bd6 5. Nbd2 O-O 6. Bd3 c5 7. dxc5 Bxc5 8. O-O Nc6 9. c4 Bd6 10. Bg5 h6 11. Bh4 Ne5 12. Be2 Nxc4 13. Nxc4 dxc4 14. Bxc4 Be7 15. Qe2 Bd7 16. Rfd1 Qc8 17. Rac1 Bc6 18. Ne5 Nd5 19. Nxc6 Bxh4 20. Bxd5 exd5 21. Ne7+ Bxe7 22. Rxc8 Raxc8 23. g3 Rfd8 24. Qb5 b6 25. Rxd5 Rxd5 26. Qxd5 Bf6 27. b3 Rc7 28. Kg2 g6 29. e4 Rc2 30. e5 Be7 31. e6 fxe6 32. Qxe6+ Kf8 33. Qxg6 Bc5 34. Qxc2 1-0


[Site "https://www.chess.com"]

[Event "Titled Tuesday Blitz July 18 Late 2023"]
[White "Vanek, Tomas"]
[Black "Hoffmann, Asa"]
[WhiteFideId "313459"]
[BlackFideId "2001470"]
[WhiteElo "2152"]
[BlackElo "2391"]
[Result "1-0"]
[Round "3"]
[TimeControl "180+2"]
[Date "2023.07.18"]
[WhiteClock "0:00:15"]
[BlackClock "0:00:00"]
[Board "179"]

1. d4 Nf6 2. Bf4 d6 3. Nc3 Bf5 4. f3 Nbd7 5. e4 Bg6 6. Bg3 e5 7. d5 Be7 8. Bb5 O-O 9. Bf2 Ne8 10. g4 Bh4 11. Qd2 a6 12. Bxd7 Bxf2+ 13. Kxf2 Qxd7 14. h4 h5 15. Qg5 Nf6 16. Kg3 c6 17. Rd1 Rac8 18. Nge2 cxd5 19. Nxd5 Nxd5 20. Rxd5 Rxc2 21. Nc3 Qd8 22. gxh5 Bh7 23. h6 g6 24. Qxd8 Rxd8 25. Rhd1 Rxb2 26. Rxd6 Rxd6 27. Rxd6 f5 28. Rd8+ Kf7 29. Rd7+ Kg8 30. Nd5 g5 31. Nf6+ Kf8 32. Nxh7+ Ke8 33. Nf6+ Kf8 34. hxg5 f4+ 35. Kg4 Rh2 36. Kf5 b5 37. Ke6 1-0


[Site "https://www.chess.com"]

[Event "Titled Tuesday Blitz July 18 Late 2023"]
[White "Lalanne, Pablo"]
[Black "Mangialardo, Tiago Carvalho"]
[WhiteFideId "112151"]
[BlackFideId "2130718"]
[WhiteElo "2379"]
[BlackElo "2138"]
[Result "0-1"]
[Round "3"]
[TimeControl "180+2"]
[Date "2023.07.18"]
[WhiteClock "0:00:00"]
[BlackClock "0:00:04"]
[Board "180"]

1. e4 Nf6 2. e5 Nd5 3. d4 d6 4. Nf3 Nc6 5. c4 Nb6 6. e6 fxe6 7. Bd3 e5 8. d5 Nb4 9. Be4 e6 10. Ng5 g6 11. a3 Na6 12. dxe6 Qf6 13. h4 Nc5 14. Nc3 Bxe6 15. h5 O-O-O 16. b4 Nxe4 17. Ncxe4 Qf5 18. hxg6 Qxg6 19. Be3 Bxc4 20. Rc1 Bd5 21. Bxb6 Bxe4 22. Bxc7 Qxg5 23. Bxd6+ Kd7 24. Rc7+ Ke6 25. Qb3+ Bd5 26. Qh3+ Kxd6 27. Rc5 Ke7 28. Qc3 Bg7 29. Rh3 Qf5 30. Rf3 Qe4+ 31. Re3 Qb1+ 32. Ke2 Qa2+ 33. Kf1 Ke6 34. Rxd5 Rxd5 35. Qc7 Rd2 0-1


[Site "https://www.chess.com"]

[Event "Titled Tuesday Blitz July 18 Late 2023"]
[White "Ilyuchyk, Yana"]
[Black "Eggleston, Thomas A"]
[WhiteFideId "13508407"]
[BlackFideId "412139"]
[WhiteElo "2140"]
[BlackElo "2378"]
[Result "1-0"]
[Round "3"]
[TimeControl "180+2"]
[Date "2023.07.18"]
[WhiteClock "0:00:05"]
[BlackClock "0:00:30"]
[Board "181"]

1. e4 e6 2. d4 d5 3. exd5 exd5 4. Nf3 Nf6 5. Bd3 c5 6. O-O c4 7. Re1+ Be7 8. Bf1 O-O 9. b3 cxb3 10. axb3 Nc6 11. Bf4 Bg4 12. c3 Ne4 13. h3 Bh5 14. g4 Bg6 15. Bd3 Bd6 16. Bxd6 Qxd6 17. c4 Nb4 18. Ne5 Nxd3 19. Qxd3 Nxf2 20. Qf3 Ne4 21. c5 Qc7 22. Nc3 Nxc3 23. Qxc3 Be4 24. b4 f6 25. Nc4 h5 26. Nd6 Bg6 27. Qf3 hxg4 28. Qxg4 Bf7 29. Nf5 g5 30. Re7 Qd8 31. Rae1 Bg6 32. Nh6+ Kh8 33. Rd7 Qc8 34. Ree7 a5 35. Qh5 Qxd7 36. Nf7+ Kg7 37. Qh6+ Kg8 38. Qxg6# 1-0


[Site "https://www.chess.com"]

[Event "Titled Tuesday Blitz July 18 Late 2023"]
[White "Todorovic, Bojan"]
[Black "Capp, Stephen"]
[WhiteFideId "917087"]
[BlackFideId "2027089"]
[WhiteElo "2369"]
[BlackElo "2130"]
[Result "1-0"]
[Round "3"]
[TimeControl "180+2"]
[Date "2023.07.18"]
[WhiteClock "0:01:13"]
[BlackClock "0:00:52"]
[Board "182"]

1. d4 Nf6 2. c4 a6 3. Nf3 b5 4. b3 Bb7 5. g3 e6 6. Bg2 Bb4+ 7. Bd2 Qe7 8. O-O Bxd2 9. Nbxd2 O-O 10. Qc2 d6 11. Rac1 b4 12. c5 dxc5 13. Qxc5 Qxc5 14. Rxc5 Rc8 15. Rfc1 Ne8 16. Ne5 Bxg2 17. Kxg2 f6 18. Nd3 Nd7 19. Rc6 Kf7 20. Nxb4 a5 21. Nd3 Nb6 22. e4 Rd8 23. Nf3 g5 24. g4 h5 25. h3 hxg4 26. hxg4 a4 27. b4 a3 28. Nc5 Nd6 29. Rxc7+ Kg6 30. Nxe6 Nxe4 31. Rg7+ 1-0


[Site "https://www.chess.com"]

[Event "Titled Tuesday Blitz July 18 Late 2023"]
[White "Calin, Alexandru"]
[Black "Tqebuchava, Zurab"]
[WhiteFideId "1222961"]
[BlackFideId "13601113"]
[WhiteElo "2369"]
[BlackElo "2107"]
[Result "0-1"]
[Round "3"]
[TimeControl "180+2"]
[Date "2023.07.18"]
[WhiteClock "0:01:09"]
[BlackClock "0:00:26"]
[Board "183"]

1. d4 d6 2. e4 Nf6 3. Nc3 Nbd7 4. f4 e5 5. Nf3 exd4 6. Qxd4 Be7 7. Be3 O-O 8. O-O-O a5 9. Bc4 Nb6 10. Bb3 Ng4 11. Bg1 Bf6 12. e5 dxe5 13. Qxd8 Rxd8 14. Rxd8+ Bxd8 15. Bxb6 cxb6 16. Nxe5 Nxe5 17. fxe5 Bg5+ 18. Kb1 Be6 19. Bxe6 fxe6 20. g3 Rd8 21. Ne4 Be7 22. c3 Rd5 23. Kc2 Rxe5 24. Kd3 Rd5+ 25. Ke3 Bc5+ 26. Kf4 h5 27. Re1 Rf5# 0-1


[Site "https://www.chess.com"]

[Event "Titled Tuesday Blitz July 18 Late 2023"]
[White "Bongo Akanga Ndjila, Barthelemy"]
[Black "Merino Garcia, Rafael II"]
[WhiteFideId "10609431"]
[BlackFideId "2209128"]
[WhiteElo "2075"]
[BlackElo "2366"]
[Result "0-1"]
[Round "3"]
[TimeControl "180+2"]
[Date "2023.07.18"]
[WhiteClock "0:00:00"]
[BlackClock "0:00:33"]
[Board "184"]

1. d4 d6 2. Nc3 Nd7 3. e4 g6 4. g3 Bg7 5. Bg2 e6 6. Nge2 Ne7 7. h3 O-O 8. g4 h6 9. O-O a6 10. Ng3 b5 11. a3 Bb7 12. f4 c5 13. Be3 cxd4 14. Bxd4 e5 15. Be3 exf4 16. Bxf4 Ne5 17. Qc1 Kh7 18. Nd5 Nxd5 19. exd5 Rc8 20. Ne4 Bxd5 21. Nf6+ Qxf6 22. Bxd5 Qh4 23. Kg2 Nc4 24. c3 Be5 25. Rf2 Bxf4 26. Qxf4 Ne5 27. Rd1 Qg5 28. Bb7 Rc5 29. Rxd6 Qe7 30. Qd4 Qxb7+ 31. Kg3 Qc7 32. Rff6 Nd7 33. Rf4 Nb6 34. h4 Nc4 35. Rd7 Qe5 36. Qxe5 Nxe5 37. Rf6 Nxd7 0-1


[Site "https://www.chess.com"]

[Event "Titled Tuesday Blitz July 18 Late 2023"]
[White "Romero Ruscalleda, Josep"]
[Black "Feliz Dotel, Dewar Bienvenido"]
[WhiteFideId "2231859"]
[BlackFideId "6402801"]
[WhiteElo "2363"]
[BlackElo "2070"]
[Result "1-0"]
[Round "3"]
[TimeControl "180+2"]
[Date "2023.07.18"]
[WhiteClock "0:00:09"]
[BlackClock "0:00:00"]
[Board "185"]

1. e4 e5 2. Nf3 Nc6 3. Bc4 Nf6 4. d4 exd4 5. e5 d5 6. Bb5 Ne4 7. Nxd4 Bd7 8. Bxc6 bxc6 9. O-O Bc5 10. Be3 O-O 11. Nd2 Nxd2 12. Qxd2 f6 13. exf6 Qxf6 14. c3 Rae8 15. a4 Qg6 16. Kh1 Re4 17. b4 Bd6 18. Rae1 Qh5 19. f4 Rf6 20. g3 Bh3 21. Rg1 c5 22. bxc5 Bxc5 23. Qf2 Rf8 24. Nc2 Rfe8 25. Bxc5 Rxe1 26. Rxe1 Rxe1+ 27. Nxe1 Qf5 28. Bxa7 Qe4+ 29. Kg1 Qxa4 30. Qe3 h6 31. Bd4 Qd1 32. Qe5 Qg4 33. Nf3 c5 34. Qxd5+ Kh7 35. Bxc5 Qc8 36. Bd4 Bg4 37. Qe4+ Kh8 38. Ne5 Qb8 39. Nxg4 Qb1+ 40. Qxb1 1-0


[Site "https://www.chess.com"]

[Event "Titled Tuesday Blitz July 18 Late 2023"]
[White "gordonzyxu"]
[Black "Guzman Moneo, Alberto"]
[BlackFideId "2209616"]
[WhiteElo "2059"]
[BlackElo "2359"]
[Result "1-0"]
[Round "3"]
[TimeControl "180+2"]
[Date "2023.07.18"]
[WhiteClock "0:00:11"]
[BlackClock "0:00:00"]
[Board "186"]

1. e4 e6 2. d4 d5 3. Nd2 Be7 4. Ngf3 c5 5. Bb5+ Nc6 6. dxc5 Nf6 7. e5 Nd7 8. Bxc6 bxc6 9. b4 a5 10. c3 Ba6 11. Nb3 axb4 12. cxb4 O-O 13. Nbd4 Qc7 14. Bf4 Bc4 15. a3 Qc8 16. Nd2 Ba6 17. Qg4 Kh8 18. f3 f5 19. Qg3 Nb8 20. h4 Rg8 21. h5 Qd7 22. Kf2 Bc8 23. N2b3 Qc7 24. Na5 Bxc5 25. Be3 Bxd4 26. Bxd4 c5 27. Be3 d4 28. Bd2 Nc6 29. Nxc6 Qxc6 30. bxc5 Ba6 31. Rac1 Qb5 32. Rhe1 Rac8 33. Bb4 d3 34. Qf4 Rgd8 35. Qd2 Qc6 36. Kg1 Qd7 37. h6 gxh6 38. Red1 Rg8 39. Qxh6 Qg7 40. Qxg7+ Rxg7 41. Kf2 Bb7 42. Rh1 Bd5 43. Rh2 Rcg8 44. Rd1 Rg6 45. Rxd3 h6 46. a4 Kh7 47. a5 Ra8 48. Rc3 Rg7 49. c6 Rc7 50. Rc5 Rxc6 51. Rxc6 Bxc6 52. Rh1 Bd5 53. Rc1 Rc8 54. Rxc8 Kg6 55. a6 f4 56. a7 Kf5 57. a8=Q Bxa8 58. Rxa8 Kxe5 59. Re8 Kf5 60. Bc3 e5 61. Rf8+ Kg6 62. Bxe5 Kh5 63. Rxf4 Kg5 64. Rg4+ Kh5 65. Ra4 Kg5 66. Bf4+ Kh5 67. Bxh6 Kg6 68. g4 Kh7 69. f4 Kg6 70. Kg3 Kh7 71. f5 Kg8 72. Kf4 Kh7 73. g5 Kg8 74. g6 1-0


[Site "https://www.chess.com"]

[Event "Titled Tuesday Blitz July 18 Late 2023"]
[White "Rodriguez Santiago, Jaime"]
[Black "Winkels, Marcel"]
[WhiteFideId "3100898"]
[BlackFideId "1003887"]
[WhiteElo "2358"]
[BlackElo "2057"]
[Result "1-0"]
[Round "3"]
[TimeControl "180+2"]
[Date "2023.07.18"]
[WhiteClock "0:00:16"]
[BlackClock "0:00:00"]
[Board "187"]

1. c4 c5 2. Nc3 Nc6 3. g3 g6 4. Bg2 Bg7 5. e4 d6 6. Nge2 e5 7. d3 Nge7 8. a3 O-O 9. O-O Rb8 10. Rb1 a5 11. Be3 Nd4 12. f4 f5 13. b4 axb4 14. axb4 Nec6 15. b5 Nb4 16. Nd5 Nxd5 17. exd5 Re8 18. Nxd4 exd4 19. Bd2 Ra8 20. Qb3 Re2 21. Rf2 Qe7 22. Bf3 Rxf2 23. Kxf2 h6 24. Re1 Qd8 25. Re2 g5 26. Bh5 Bd7 27. Qd1 Ra2 28. Qe1 Kh7 29. Kg1 Qa8 30. Re7 Ra1 31. Bd1 Qd8 32. Kf2 Rxd1 33. Rxg7+ Kxg7 34. Qxd1 g4 35. Qa4 h5 36. Qa7 Bc8 37. Ba5 Qd7 38. Qb8 Qe7 39. Qc7 Qxc7 40. Bxc7 Kf6 41. Bxd6 b6 42. Bc7 Ke7 43. Bxb6 Kd6 44. Ke2 Bb7 45. Kd2 Bc8 46. Kc2 Bb7 47. Kb3 Ba8 48. Ka4 Bb7 49. Ka5 Bxd5 50. cxd5 Kxd5 51. Ba7 c4 52. dxc4+ Kxc4 53. Bxd4 Kxd4 54. b6 Ke4 55. b7 Kf3 56. b8=Q Kg2 57. Qe5 Kh3 58. Qxf5 h4 59. gxh4 Kxh4 60. Qg5+ Kh3 61. f5 Kxh2 62. Qxg4 Kh1 63. f6 1-0


[Site "https://www.chess.com"]

[Event "Titled Tuesday Blitz July 18 Late 2023"]
[White "ilya2700"]
[Black "Peatman, Carter"]
[BlackFideId "2096480"]
[WhiteElo "2051"]
[BlackElo "2353"]
[Result "0-1"]
[Round "3"]
[TimeControl "180+2"]
[Date "2023.07.18"]
[WhiteClock "0:00:00"]
[BlackClock "0:00:37"]
[Board "188"]

1. e4 e5 2. Nf3 Nf6 3. Nc3 Bb4 4. Bc4 Bxc3 5. dxc3 O-O 6. Bg5 d6 7. O-O Be6 8. Bb3 a5 9. Bxe6 fxe6 10. Nd2 Nbd7 11. f4 exf4 12. Bxf4 Qe8 13. Qe2 Qg6 14. Rf3 Qh5 15. Qd3 e5 16. Rh3 Qg6 17. Rg3 Qh5 18. Rh3 Qg4 19. Be3 Nh5 20. Nf3 Ndf6 21. Ng5 Qd7 22. Rf1 h6 23. Nf3 Kh7 24. Nxe5 Qe6 25. Nc4 Kg8 26. Bd4 Rae8 27. Re3 Ng4 28. Rg3 Rxf1+ 29. Kxf1 Rf8+ 30. Kg1 Nhf6 31. h3 Ne5 0-1


[Site "https://www.chess.com"]

[Event "Titled Tuesday Blitz July 18 Late 2023"]
[White "Curtis, John"]
[Black "Prydun, Andriy"]
[WhiteFideId "3200256"]
[BlackFideId "14145898"]
[WhiteElo "2035"]
[BlackElo "2351"]
[Result "1-0"]
[Round "3"]
[TimeControl "180+2"]
[Date "2023.07.18"]
[WhiteClock "0:00:17"]
[BlackClock "0:00:01"]
[Board "189"]

1. d4 c5 2. d5 e5 3. c4 d6 4. Nc3 Nd7 5. e4 Ngf6 6. Bd3 Be7 7. Nge2 O-O 8. Ng3 a6 9. Nf5 Rb8 10. a4 b6 11. g4 Ne8 12. h4 Nc7 13. Qe2 Kh8 14. g5 f6 15. Rg1 g6 16. Nxe7 Qxe7 17. h5 Qf7 18. hxg6 Qxg6 19. Rg3 Ne8 20. Be3 Rg8 21. O-O-O Qf7 22. Rh1 fxg5 23. Bxg5 Ndf6 24. Qd2 Bd7 25. f4 b5 26. fxe5 bxc4 27. exf6 cxd3 28. Rgh3 Nxf6 29. Bxf6+ Qxf6 30. Rxh7# 1-0


[Site "https://www.chess.com"]

[Event "Titled Tuesday Blitz July 18 Late 2023"]
[White "Sainz Aguirre, Ignacio"]
[Black "Kostiukov, Alexandr"]
[WhiteFideId "5101727"]
[BlackFideId "14108100"]
[WhiteElo "1968"]
[BlackElo "2349"]
[Result "0-1"]
[Round "3"]
[TimeControl "180+2"]
[Date "2023.07.18"]
[WhiteClock "0:00:03"]
[BlackClock "0:00:35"]
[Board "190"]

1. e4 c5 2. Nf3 g6 3. c3 Bg7 4. d4 cxd4 5. cxd4 d5 6. e5 Nc6 7. Nc3 Bg4 8. Be3 Nh6 9. Bd3 O-O 10. h3 Bxf3 11. Qxf3 e6 12. a3 f6 13. exf6 Rxf6 14. Qe2 Rf8 15. O-O Nf5 16. Bxf5 Rxf5 17. Qd3 Qh4 18. Ne2 Raf8 19. Rac1 a6 20. b4 Bh6 21. Bxh6 Qxh6 22. b5 axb5 23. Qxb5 R8f7 24. Rb1 Qh4 25. Ng3 R5f6 26. Rbd1 Nxd4 27. Qe8+ Rf8 28. Qe7 R8f7 29. Qe8+ Kg7 30. Rde1 Qf4 31. Kh2 h5 32. Kg1 h4 33. Ne2 Nxe2+ 34. Rxe2 Qf5 35. Rfe1 d4 36. f3 d3 37. Rxe6 d2 38. Rxf6 dxe1=Q+ 0-1


[Site "https://www.chess.com"]

[Event "Titled Tuesday Blitz July 18 Late 2023"]
[White "AndresDelgado77"]
[Black "Lutz, Igor Oscar"]
[BlackFideId "2110806"]
[WhiteElo "2347"]
[BlackElo "1946"]
[Result "1-0"]
[Round "3"]
[TimeControl "180+2"]
[Date "2023.07.18"]
[WhiteClock "0:02:29"]
[BlackClock "0:01:21"]
[Board "191"]

1. e4 c5 2. Nf3 Nc6 3. b4 Nxb4 4. c3 Nc6 5. d4 cxd4 6. cxd4 d6 7. d5 Nb8 8. Qa4+ Bd7 9. Qb3 Qb6 10. Qxb6 axb6 11. Be3 Na6 12. Nc3 Nb4 13. Kd2 g6 14. Rb1 Nxa2 15. Ra1 Bg7 16. Bd4 Bh6+ 17. Be3 Bf4 18. Bxf4 1-0


[Site "https://www.chess.com"]

[Event "Titled Tuesday Blitz July 18 Late 2023"]
[White "Dmitriev, Sergey"]
[Black "K2JW"]
[WhiteFideId "14101785"]
[WhiteElo "1960"]
[BlackElo "2343"]
[Result "0-1"]
[Round "3"]
[TimeControl "180+2"]
[Date "2023.07.18"]
[WhiteClock "0:00:25"]
[BlackClock "0:00:31"]
[Board "192"]

1. d4 d5 2. Nf3 Nf6 3. Bf4 c5 4. e3 Nc6 5. c3 e6 6. h3 Bd6 7. Bxd6 Qxd6 8. Nbd2 O-O 9. Bd3 c4 10. Bc2 b5 11. a3 Bb7 12. O-O Ne7 13. Re1 Ne4 14. Ne5 f6 15. Nef3 a5 16. Nh2 e5 17. Nxe4 dxe4 18. dxe5 Qxe5 19. Qg4 f5 20. Qg5 h6 21. Qh5 Nd5 22. g3 b4 23. axb4 axb4 24. Rxa8 Bxa8 25. g4 bxc3 26. gxf5 cxb2 27. Bb1 Nc3 28. f4 exf3 29. Nxf3 Qg3+ 30. Kf1 Bxf3 31. Qg6 Qxg6 32. fxg6 Nxb1 33. Rxb1 Be4+ 34. Ke1 Bxb1 0-1


[Site "https://www.chess.com"]

[Event "Titled Tuesday Blitz July 18 Late 2023"]
[White "Gyulamiryan-koryun"]
[Black "Slovineanu, Viacheslav"]
[BlackFideId "13900510"]
[WhiteElo "1904"]
[BlackElo "2340"]
[Result "0-1"]
[Round "3"]
[TimeControl "180+2"]
[Date "2023.07.18"]
[WhiteClock "0:00:26"]
[BlackClock "0:01:50"]
[Board "193"]

1. e4 c6 2. Nc3 d5 3. Nf3 dxe4 4. Nxe4 Nf6 5. Ng3 c5 6. c3 Nc6 7. Bb5 Bd7 8. O-O e6 9. d4 cxd4 10. Nxd4 Nxd4 11. Bxd7+ Qxd7 12. Qxd4 Qxd4 13. cxd4 Be7 14. Be3 O-O 15. Rfc1 Rac8 16. h3 a6 17. a3 Rfd8 18. b3 g6 19. Rc4 h5 20. Rac1 Rxc4 21. Rxc4 Bxa3 22. Rc7 Rb8 23. Ne2 Bd6 24. Rc4 Nd5 25. Nc3 Nxc3 26. Rxc3 Kf8 27. g3 Ke7 28. f4 Kd7 29. Kf2 b5 30. Kf3 a5 31. Bc1 Rc8 32. Rxc8 Kxc8 33. g4 hxg4+ 34. hxg4 Kd7 35. Ke4 f5+ 36. gxf5 gxf5+ 37. Kd3 Kc6 38. Ke3 Kd5 39. Kd3 Bc7 40. Bd2 a4 41. bxa4 bxa4 42. Kc3 Ba5+ 43. Kd3 Bxd2 44. Kxd2 Kxd4 0-1


[Site "https://www.chess.com"]

[Event "Titled Tuesday Blitz July 18 Late 2023"]
[White "Nakamura, Hikaru"]
[Black "Tang, Andrew"]
[WhiteFideId "2016192"]
[BlackFideId "2059630"]
[WhiteElo "3250"]
[BlackElo "2884"]
[Result "1-0"]
[Round "4"]
[TimeControl "180+2"]
[Date "2023.07.18"]
[WhiteClock "0:00:19"]
[BlackClock "0:00:01"]
[Board "1"]

1. a3 d5 2. Nf3 Nf6 3. b4 Bf5 4. Bb2 e6 5. e3 c5 6. bxc5 Bxc5 7. d4 Bd6 8. c4 Nc6 9. Nc3 O-O 10. Be2 Rc8 11. O-O dxc4 12. Bxc4 Na5 13. Ba2 Nc4 14. Bxc4 Rxc4 15. Qe2 Rc8 16. e4 Rxc3 17. exf5 Rc6 18. fxe6 fxe6 19. Qxe6+ Kh8 20. Qe2 Nd5 21. g3 Qf6 22. Ne5 Bxe5 23. dxe5 Qf5 24. Rac1 Rg6 25. Kh1 Qh3 26. Rg1 h6 27. f4 Rf5 28. Rcf1 Rh5 29. Rf3 Rg4 30. Qg2 Qxg2+ 31. Kxg2 Rf5 32. Kf2 Rg6 33. Rd1 Nb6 34. h3 h5 35. Rg1 Rc6 36. g4 hxg4 37. hxg4 Rf8 38. Kg3 Nd5 39. f5 Rc2 40. Rg2 Rc4 41. e6 Kg8 42. Rd2 Ne7 43. Rd7 Re8 44. Rxb7 a5 45. f6 gxf6 46. Bxf6 Nd5 47. Rg7+ Kh8 1-0


[Site "https://www.chess.com"]

[Event "Titled Tuesday Blitz July 18 Late 2023"]
[White "Firouzja, Alireza"]
[Black "Tin, Jingyao"]
[WhiteFideId "12573981"]
[BlackFideId "5804418"]
[WhiteElo "3131"]
[BlackElo "2870"]
[Result "1/2-1/2"]
[Round "4"]
[TimeControl "180+2"]
[Date "2023.07.18"]
[WhiteClock "0:00:10"]
[BlackClock "0:00:03"]
[Board "2"]

1. d4 Nf6 2. Nc3 d5 3. Bf4 a6 4. e3 e6 5. Nf3 c5 6. Ne5 b5 7. g4 b4 8. Na4 cxd4 9. exd4 Be7 10. Qf3 O-O 11. Bd3 Bb7 12. Qh3 Nc6 13. O-O-O Rc8 14. f3 g6 15. Qh6 Re8 16. Bg5 Nxe5 17. dxe5 Nd7 18. h4 Bf8 19. Qxf8+ Rxf8 20. Bxd8 Rfxd8 21. f4 Bc6 22. b3 Bxa4 23. bxa4 Nc5 24. h5 Nxd3+ 25. Rxd3 Rc4 26. hxg6 fxg6 27. Rdh3 Rd7 28. f5 Rxg4 29. fxe6 Re7 30. Rd3 d4 31. Rb3 a5 32. a3 bxa3 33. Rb6 h5 34. Kb1 Rg5 35. Re1 h4 36. Rd6 Rg4 37. Rd8+ Kg7 38. Rd7 Kf8 39. Rf1+ Ke8 40. Rd6 g5 41. Ra6 Rb7+ 42. Ka2 Rf4 43. Rh1 Ke7 44. Kxa3 Rf3+ 45. Ka2 h3 46. Rg1 h2 47. Rxg5 h1=Q 48. Rg7+ Kf8 49. Rxb7 Ra3+ 50. Kxa3 Qxb7 51. Rxa5 Ke7 52. Rb5 Qc6 53. Kb2 Qc3+ 54. Kb1 Kxe6 55. Rb3 Qc4 56. Ra3 Qb4+ 57. Ka2 Qa5 58. Kb2 Kxe5 59. Ka2 Kd5 60. Kb2 Kc4 61. Ka2 Kd5 62. Kb2 Qb4+ 63. Ka2 Qc4+ 64. Kb2 Qb4+ 65. Ka2 Qa5 1/2-1/2


[Site "https://www.chess.com"]

[Event "Titled Tuesday Blitz July 18 Late 2023"]
[White "Moskalenko, Alexander"]
[Black "Nihal Sarin"]
[WhiteFideId "4155351"]
[BlackFideId "25092340"]
[WhiteElo "2868"]
[BlackElo "3062"]
[Result "1/2-1/2"]
[Round "4"]
[TimeControl "180+2"]
[Date "2023.07.18"]
[WhiteClock "0:00:09"]
[BlackClock "0:00:05"]
[Board "3"]

1. c4 a6 2. Nc3 e6 3. d4 d5 4. cxd5 exd5 5. Bf4 c6 6. e3 Bd6 7. Bd3 Bxf4 8. exf4 Nf6 9. Nf3 Bg4 10. O-O O-O 11. h3 Bxf3 12. Qxf3 Qb6 13. Rfd1 Nbd7 14. b3 Rfe8 15. g4 Qb4 16. g5 g6 17. Ne2 Ne4 18. f5 Nxg5 19. Qg4 Qe7 20. fxg6 fxg6 21. Ng3 Ne6 22. Re1 Nf6 23. Qh4 Kf7 24. Re5 Qb4 25. Rd1 Nxd4 26. Bxg6+ hxg6 27. Rxd4 Qc3 28. Rg5 Rh8 29. Qf4 Rae8 30. Kg2 Re6 31. Qc7+ Re7 32. Qf4 Qc5 33. h4 Re6 34. h5 gxh5 35. Nxh5 Qd6 36. Qf5 Rg8 37. Rxg8 Kxg8 38. Qg5+ Kf8 39. Rf4 Ke7 40. Qg7+ Kd8 41. Rxf6 Rxf6 42. Nxf6 Qe6 43. Ng4 c5 44. Ne3 d4 45. Nc4 b5 46. Ne5 Qd5+ 47. Nf3 d3 48. Qf6+ Kd7 49. Qf4 c4 50. bxc4 bxc4 51. Kg3 Kc6 52. Ne5+ Kc5 53. Qe3+ Qd4 54. Nd7+ Kd5 55. Nb6+ Kc5 56. Na4+ Kd5 57. Nb6+ Kc5 58. Nd7+ Kd5 59. Nb6+ 1/2-1/2


[Site "https://www.chess.com"]

[Event "Titled Tuesday Blitz July 18 Late 2023"]
[White "Mamedov, Rauf"]
[Black "Gadimbayli, Abdulla"]
[WhiteFideId "13401653"]
[BlackFideId "13404938"]
[WhiteElo "3051"]
[BlackElo "2844"]
[Result "1-0"]
[Round "4"]
[TimeControl "180+2"]
[Date "2023.07.18"]
[WhiteClock "0:02:37"]
[BlackClock "0:01:13"]
[Board "4"]

1. c4 Nf6 2. d3 g6 3. Nf3 Bg7 4. g3 O-O 5. Bg2 c6 6. O-O d5 7. Nc3 b6 8. Bf4 Bb7 9. cxd5 cxd5 10. Rc1 a6 11. Qb3 Nc6 12. Na4 Nd7 13. Qxd5 Na5 14. Qg5 h6 15. Qh4 Bxf3 16. Bxf3 g5 17. Qh3 Ra7 18. Be3 f5 19. Bd5+ Kh8 20. Bxg5 1-0


[Site "https://www.chess.com"]

[Event "Titled Tuesday Blitz July 18 Late 2023"]
[White "Ozen, Bahadir"]
[Black "Martinez Alcantara, Jose Eduardo"]
[WhiteFideId "6337058"]
[BlackFideId "3805662"]
[WhiteElo "2839"]
[BlackElo "3050"]
[Result "0-1"]
[Round "4"]
[TimeControl "180+2"]
[Date "2023.07.18"]
[WhiteClock "0:00:32"]
[BlackClock "0:00:52"]
[Board "5"]

1. d3 c5 2. Nf3 Nc6 3. e4 g6 4. Be2 Bg7 5. O-O d6 6. c3 e5 7. a3 Nge7 8. b4 O-O 9. Nbd2 h6 10. Bb2 Be6 11. b5 Na5 12. d4 b6 13. dxe5 dxe5 14. c4 Qc7 15. Qc2 f5 16. Rfe1 f4 17. h3 g5 18. Nh2 Rad8 19. Bg4 Bf7 20. Be2 Rfe8 21. Rad1 Nc8 22. Nb3 Nb7 23. a4 Ncd6 24. Rd2 Rd7 25. Red1 Rde7 26. Ba1 h5 27. Nf3 Bf6 28. Nh2 Kg7 29. Bb2 Bg6 30. f3 Bf7 31. Ba1 Nc8 32. Bb2 Nd8 33. a5 Ne6 34. axb6 axb6 35. Ra1 Nd6 36. Qd1 Nd4 37. Bxd4 exd4 38. Bd3 Nxc4 0-1


[Site "https://www.chess.com"]